 Dungeon Crawl Stone Soup version 0.27.0-1-g7a089689b8 (webtiles) character file.

Game seed: 2640577636622269086

506 Krom the Digger (level 7, -1/36 HPs)
             Began as a Gargoyle Earth Elementalist on Aug 14, 2021.
             Slain by a lemure (3 damage)
             ... led by Pikel
             ... on level 4 of the Dungeon.
             The game lasted 00:24:35 (6238 turns).

Krom the Digger (Gargoyle Earth Elementalist)       Turns: 6238, Time: 00:24:37

Health: -1/36      AC:  6    Str: 12    XL:     7   Next: 18%
Magic:  7/14       EV: 11    Int: 17    God:
Gold:   174        SH:  0    Dex: 10    Spells: 12/16 levels left

rFire    . . .     SeeInvis .   z - +7 lajatang of Order {silver, rMut}
rCold    . . .     Faith    .   (shield currently unavailable)
rNeg     + . .     Spirit   .   b - +0 robe
rPois    ∞         Reflect  .   (no helmet)
rElec    +         Harm     .   (no cloak)
rCorr    .         Rampage  .   (no gloves)
rMut     +                      (no boots)
Will     .....                  (no amulet)
Stlth    ++........             (no ring)
HPRegen  0.12/turn              (no ring)
MPRegen  0.14/turn

@: no status effects
A: sickness immunity, AC +4, negative energy resistance 1, electricity
resistance, torment resistance 1, petrification resistance
a: no special abilities


You were on level 4 of the Dungeon.
You visited 1 branch of the dungeon, and saw 5 of its levels.
You also visited: Sewer.

You collected 174 gold pieces.

Inventory:

Hand Weapons
 a - a +2 short sword of venom
 u - a +1 dagger of protection
 z - the +7 lajatang of Order (weapon) {silver, rMut}
   (You found it in a sewer)

   It inflicts extra damage upon those it strikes, and deals substantially
   increased damage to chaotic, mutated and magically transformed beings.
   rMut:      It protects you from mutation.
Missiles
 c - 118 stones
 i - 83 arrows
 j - 17 sling bullets
 m - 27 poisoned darts
 r - a throwing net
 t - a curare-tipped dart
Armour
 b - a +0 robe (worn)
Jewellery
 h - a ring of fire
Scrolls
 d - a scroll of summoning {unknown}
 f - 7 scrolls of identify {unknown}
 n - a scroll of enchant armour {unknown}
 o - 3 scrolls of teleportation {unknown}
Potions
 e - a potion of lignification {unknown}
 g - a potion of magic {unknown}
 k - 2 potions of flight {unknown}
 p - a potion of haste {unknown}
 q - 3 potions of cancellation {unknown}
 s - 7 potions of heal wounds {unknown}
 v - a potion of curing {unknown}
 w - a potion of mutation {unknown}
 x - a potion of brilliance {unknown}


   Skills:
 + Level 1.4 Staves
 - Level 1.5 Dodging
 - Level 2.1 Stealth
 * Level 5.1 Spellcasting
 + Level 3.1 Conjurations
 - Level 0.7 Transmutations
 + Level 5.6 Earth Magic


You had 12 spell levels left.
You knew the following spells:

 Your Spells              Type           Power      Damage    Failure   Level
a - Sandblast             Erth           46%        2d11      1%          1
b - Stone Arrow           Conj/Erth      38%        3d9       7%          3

Your spell library contained the following spells:

 Spells                   Type           Power      Damage    Failure   Level
 Passwall                 Tmut/Erth      12%        N/A       6%          2
 Petrify                  Tmut/Erth      15%        N/A       36%         4
 Tukima's Dance           Hex            4%         N/A       38%         3
 Passage of Golubria      Tloc           N/A        N/A       80%         4
 Yara's Violent Unravell  Hex/Tmut       2%         3d3       98%         5


Dungeon Overview and Level Annotations

Branches:
Dungeon (5/15)              Sewer (visited)
 Temple: D:4-7

Altars:
Elyvilon

Annotations:
D:4 Pikel


Innate Abilities, Weirdness & Mutations

You are immune to sickness and miasma.
Your stone body is resilient. (AC +4)
You are immune to poison.
You resist negative energy. (rN+)
You are resistant to electric shocks. (rElec)
You are resistant to unholy torment.
You are immune to petrification.


Message History

Your +2 short sword of venom stops dripping with poison.
z - the +7 lajatang of Order (weapon)
{silver, rMut} You hit the lemure.
The lemure is severely wounded.
The lemure hits you. x2; The lemure closely misses you.
You slash the lemure!
The lemure is almost dead.
The lemure hits you but does no damage. x2
You completely miss the lemure.
The lemure is almost dead.
The lemure hits you but does no damage. The lemure hits you.
You slash the lemure!
You kill the lemure!
That felt strangely unrewarding.
The lemure barely misses you. x2
The lemure hits you! The lemure hits you. The lemure completely misses you.
You climb upwards.
There is a stone staircase leading down here.
Casting: Sandblast (safe; 1% risk of failure)
Confirm with . or Enter, or press ? or * to list all spells.
Aiming: Stone Arrow (dangerous; 7% risk of failure)
Press: ? - help, Shift-Dir - straight line, f - Pikel
Aim: Pikel, wielding a +2 whip of flaming, wearing a +0 robe and carrying a wand of digging (6) (60% to hit)
The stone arrow misses Pikel.
The lemure hits you. Pikel closely misses you. The lemure hits you.
Unknown command.
Casting: Stone Arrow (dangerous; 7% risk of failure)
Confirm with . or Enter, or press ? or * to list all spells.
Aiming: Stone Arrow (dangerous; 7% risk of failure)
Press: ? - help, Shift-Dir - straight line, f/p - Pikel
Aim: Pikel, wielding a +2 whip of flaming, wearing a +0 robe and carrying a wand of digging (6) (60% to hit)
The stone arrow hits Pikel!
Pikel is moderately wounded.
The lemure hits you but does no damage.
Pikel hits you with a +2 whip of flaming!
* * * LOW HITPOINT WARNING * * *
Pikel burns you.
* * * LOW HITPOINT WARNING * * *
The lemure hits you.
You die...

...........#...........#.#.######
..............##.#####.#.#.#
.......................#.#.######
###..##........#.#######.#.##...#
#.##.##......#.#.# #.#.##.#.#
...#.........#...#######.#.##.#.#
#'####.....#.#..........<..##.#.#
)..#.##......#.K5#.##########.#.#
...'..#......#.#@5..............#
...#.##......#.###.##########...#
#+####...#.#<#.##..........##...#
...#......)###.##..#######.##...#
#.##............................#
###.....).####.###.#######.###..#
....#................# #.# #..#
..........####.....#.# #.# #..#
####...#### ###.#.#.#####.# #..#


You could see Pikel and 2 lemures.

Vanquished Creatures
  The ghost of Skimidon the Chiller, an amateur GnIE (D:3)
  A lemure (D:5)
  2 kobold brigands (Sewer)
  4 gnolls (D:2)
  7 river rats
  6 adders
  2 hound simulacra (D:3)
  A worm (D:2)
  2 adder simulacra (D:3)
  An orc (D:3)
  6 endoplasms
  2 giant cockroaches
  10 goblins
  11 hobgoblins
  9 jackals
  22 kobolds
  A quokka (D:2)
  9 ball pythons
  3 bats
  3 frilled lizards
  24 rats
127 creatures vanquished.

Notes
Turn   | Place    | Note
-------+----------+-------------------------------------------
     0 | D:1      | Krom the Gargoyle Earth Elementalist began the quest for
                  | the Orb.
     0 | D:1      | Reached XP level 1. HP: 10/10 MP: 3/3
   471 | D:1      | Reached XP level 2. HP: 15/15 MP: 3/5
  1086 | D:1      | Found a faded altar of an unknown god.
  1307 | D:2      | Reached XP level 3. HP: 17/19 MP: 4/7
  1311 | D:2      | Learned a level 3 spell: Stone Arrow
  1676 | D:2      | Found a white marble altar of Elyvilon.
  2533 | D:3      | Found a runed translucent gate.
  2533 | D:3      | Found a runed translucent gate.
  2533 | D:3      | Found a runed translucent gate.
  2560 | D:3      | Reached XP level 4. HP: 14/24 MP: 8/8
  2691 | D:3      | Reached skill level 1 in Conjurations
  2922 | D:3      | Noticed Skimidon's ghost (amateur GnIE)
  3820 | D:4      | Found a glowing drain.
  3836 | D:4      | Reached XP level 5. HP: 20/28 MP: 5/10
  3849 | Sewer    | Entered a sewer
  4052 | Sewer    | Noticed a kobold brigand
  4062 | Sewer    | Killed a kobold brigand
  4113 | Sewer    | Reached skill level 5 in Earth Magic
  4445 | Sewer    | Reached XP level 6. HP: 22/32 MP: 9/12
  4613 | Sewer    | Found the +7 lajatang of Order {silver, rMut}
  5881 | D:2      | Reached skill level 1 in Staves
  6027 | D:3      | Killed Skimidon's ghost
  6028 | D:3      | Reached skill level 5 in Spellcasting
  6028 | D:3      | Reached XP level 7. HP: 22/36 MP: 8/14
  6227 | D:5      | Entered Level 5 of the Dungeon
  6227 | D:5      | Noticed Pikel
  6238 | D:4      | Slain by a lemure

Illustrated notes

Levels and vault maps discovered:
D:1:      dpeg_arrival_arbitrary_a, layout_loops_ring,
          shapermc_ecumenical_altar_venn
D:2:      layout_loops_corners, basic_altar
D:3:      layout_basic, gammafunk_ghost_icy
D:4:      cheibrodos_greedy_goblins, layout_basic, portal_sewer_entry_b,
          enter_ossuary_1
D:5:      layout_cave_pods, kennysheep_mini_moat, minmay_temple_entry_junction,
          uniq_ijyb, uniq_crazy_yiuf_cottage, uniq_pikel

Skill      XL: |  1  2  3  4  5  6 |
---------------+-------------------+-----
Earth Magic    | 4 5 |  5.6
Spellcasting   | 3 4 5 |  5.1
Conjurations   | 1 2 3 |  3.1
Staves         | 1 |  1.4
Dodging        | |  1.5
Stealth        | |  2.1
Transmutations | |  0.7

Action                   |  1- 3 |  4- 6 |  7- 9 || total
-------------------------+-------+-------+-------++-------
Melee: Dagger            |    97 |       |       ||    97
       Short sword       |       |   165 |       ||   165
       Lajatang          |       |    24 |     4 ||    28
 Cast: Sandblast         |    17 |    43 |     6 ||    66
       Stone Arrow       |       |     2 |     2 ||     4
 Stab: Sleeping          |     3 |     1 |       ||     4
Armor: Robe              |    24 |    80 |     4 ||   108
Dodge: Dodged            |    65 |   144 |     5 ||   214
